 Dungeon Crawl Stone Soup version 0.26-a0-602-gd42a14c23b (webtiles) character file.

Game seed: 16701936233119833998

118 Conn the Magician (level 4, -6/24 HPs)
             Began as a Deep Elf Hedge Wizard on Aug 30, 2020.
             Mangled by a bullfrog (7 damage)
             ... in a sewer.
             The game lasted 00:09:44 (2987 turns).

Conn the Magician (Deep Elf Hedge Wizard)           Turns: 2987, Time: 00:09:44

Health: -6/24      AC:  5    Str:  7    XL:     4   Next: 72%
Magic:  0/23       EV: 13    Int: 20    God:
Gold:   89         SH:  0    Dex: 14    Spells: 4/15 levels left

rFire    + . .     SeeInvis .   d - +1 short sword
rCold    + . .     Faith    .   (no shield)
rNeg     . . .     Spirit   .   b - +0 robe
rPois    +         Reflect  .   e - +2 hat
rElec    +         Harm     .   (no cloak)
rCorr    +                      (no gloves)
MR       .....                  f - +0 pair of boots
Stlth    ++........             (no amulet)
HPRegen  0.08/turn              g - ring of magical power
MPRegen  0.18/turn              (no ring)

@: resistant, flying
A: no striking features
a: no special abilities


You were in a sewer.
You visited 1 branch of the dungeon, and saw 3 of its levels.
You also visited: Sewer.

You collected 89 gold pieces.

Inventory:

Hand Weapons
 a - a +0 dagger
 d - a +1 short sword (weapon)
Missiles
 k - 23 sling bullets
 m - 8 javelins (quivered)
Armour
 b - a +0 robe (worn)
 e - a +2 hat (worn)
 f - a +0 pair of boots (worn)
Jewellery
 g - a ring of magical power (left hand)
Scrolls
 i - 2 scrolls of identify
Potions
 l - a potion of flight
 n - a potion of stabbing


   Skills:
 * Level 0.4 Fighting
 + Level 1.4 Short Blades
 + Level 2.7 Dodging
 + Level 2.8 Stealth
 * Level 6.3 Spellcasting
 * Level 2.0 Conjurations
 + Level 1.3 Summonings
 + Level 1.1 Translocations


You had 4 spell levels left.
You knew the following spells:

 Your Spells              Type           Power        Failure   Level
a - Magic Dart            Conj           ##..         4%          1
b - Blink                 Tloc           N/A          10%         2
c - Call Imp              Summ           ##......     9%          2
d - Conjure Flame         Conj/Fire      ##......     21%         3
e - Mephitic Cloud        Conj/Pois/Air  #.......     24%         3

Your spell library contained the following spells:

 Spells                   Type           Power        Failure   Level
 Slow                     Hex            #.......     16%         2


Dungeon Overview and Level Annotations

Branches:
Dungeon (3/15)              Sewer (1/1)

Altars:

Annotations:
D:1 1 runed translucent door


Message History

Unknown command.
Unknown command.
Unknown command.
Casting: Blink (safe; 10% risk of failure)
Confirm with . or Enter, or press ? or * to list all spells.
Okay, then.
Sorry, you're not good enough to have a special ability.
Unknown command.
Unknown command.
Unknown command.
Unknown command.
Unknown command.
Unknown command.
Unknown command.
Unknown command.
You hit the bullfrog.
Flame seeps out of the bullfrog.
The bullfrog is moderately wounded.
The bullfrog is engulfed in blazing flames.
Flame seeps out of the bullfrog.
The bullfrog hits you!
You die...

#.≈≈≈≈≈≈≈≈5...∩≈≈# #
#.≈≈≈≈≈≈≈≈≈≈≈≈≈≈≈# #
#.≈≈≈≈≈≈≈≈≈≈≈≈≈≈## #
#.≈≈≈≈≈≈≈≈≈≈≈≈≈≈# #
#.≈≈≈.≈≈≈≈≈≈≈≈≈## #
#.≈≈≈.≈≈≈≈≈≈≈≈########
#.≈≈≈≈5.≈≈≈≈≈≈≈≈≈≈.≈≈≈
#.≈≈≈≈F≈≈≈≈≈≈≈≈≈≈≈≈≈≈≈
#.≈≈≈@F≈≈≈≈≈≈≈≈≈≈≈≈≈≈≈
#..≈≈≈≈≈≈≈≈≈≈≈≈≈≈≈≈≈≈≈
##.....÷..≈≈≈≈≈.......
#####################


You could see 2 bullfrogs and a friendly crimson imp (summoned, inner flame).

Vanquished Creatures
  An adder (D:2)
  2 oozes
  2 dart slugs (D:1)
  5 leopard geckos
  7 giant cockroaches
  6 goblins
  8 hobgoblins
  9 kobolds
  4 ball pythons (Sewer)
  A bat (D:2)
  9 frilled lizards
  8 rats
62 creatures vanquished.

Vanquished Creatures (collateral kills)
  An iguana (D:2)
  2 adders
  A dart slug (D:1)
  A leopard gecko (Sewer)
  A kobold (D:1)
  A quokka (D:2)
  A frilled lizard (Sewer)
8 creatures vanquished.

Grand Total: 70 creatures vanquished

Notes
Turn   | Place    | Note
-------+----------+-------------------------------------------
     0 | D:1      | Conn the Deep Elf Hedge Wizard began the quest for the Orb.
     0 | D:1      | Reached XP level 1. HP: 10/10 MP: 7/7
     1 | D:1      | Found a runed translucent door.
   234 | D:1      | Reached skill level 5 in Spellcasting
   234 | D:1      | Reached XP level 2. HP: 13/15 MP: 10/10
   238 | D:1      | Learned a level 2 spell: Blink
   241 | D:1      | Learned a level 2 spell: Call Imp
   779 | D:1      | Reached skill level 1 in Short Blades
   864 | D:1      | Reached XP level 3. HP: 15/19 MP: 9/11
  1360 | D:1      | Learned a level 3 spell: Conjure Flame
  1364 | D:1      | Learned a level 3 spell: Mephitic Cloud
  1811 | D:2      | Found a faded altar of an unknown god.
  2033 | D:2      | Reached XP level 4. HP: 20/24 MP: 6/13
  2488 | D:2      | Reached skill level 6 in Spellcasting
  2603 | D:3      | Found a glowing drain.
  2631 | Sewer    | Entered a sewer
  2961 | Sewer    | Noticed a bullfrog
  2962 | Sewer    | Noticed a bullfrog
  2986 | Sewer    | HP: 1/24 [bullfrog (7)]
  2987 | Sewer    | Mangled by a bullfrog

Illustrated notes

Levels and vault maps discovered:
D:1:      dpeg_arrival_caged_fury, layout_loops_ring, minmay_pentomino_p2
D:2:      layout_basic, chequers_ecumenical_altar_simple, hex_medium,
          corexii_hall_statues_x
D:3:      layout_loops_corners, grunt_qazlal_clouds,
          cheibrodos_sewer_entry_drain, serial_bayou_lagoon_a,
          minmay_goblin_kobold_house
Sewer:    sewer_frog_island_01

Skill      XL: |  1  2  3  4 |
---------------+-------------+-----
Spellcasting   | 5 6 |  6.3
Short Blades   | 1 |  1.4
Conjurations   | 2 |  2.0
Fighting       | |  0.4
Dodging        | |  2.7
Stealth        | |  2.8
Summonings     | |  1.3
Translocations | |  1.1

Action                   |  1- 3 |  4- 6 || total
-------------------------+-------+-------++-------
Melee: Short sword       |    44 |    11 ||    55
 Cast: Magic Dart        |    80 |    54 ||   134
       Call Imp          |     5 |     9 ||    14
       Blink             |     2 |     6 ||     8
       Mephitic Cloud    |       |     1 ||     1
  Use: Scroll            |       |     4 ||     4
       Potion            |       |     2 ||     2
 Stab: Sleeping          |     1 |       ||     1
Armor: Robe              |    16 |    15 ||    31
Dodge: Dodged            |    49 |    43 ||    92

Table legend: (Time is in decaauts)
 A = Elapsed time spent in this place.
 B = Non-inter-level travel time spent in this place.
 C = Inter-level travel time spent in this place.
 D = Time resting spent in this place.
 E = Time spent auto-exploring this place.
 F = Levels seen in this place.
 G = Mean time per level.
                   A        B        C        D        E       F      G
               +--------+--------+--------+--------+--------+-----+--------+
         Total |   3051 |   2981 |     70 |    232 |   1947 |   4 |  762.8 |
       Dungeon |   2637 |   2567 |     70 |    167 |   1844 |   3 |  879.0 |
         Sewer |    413 |    413 |      0 |     65 |    103 |   1 |  413.0 |
               +--------+--------+--------+--------+--------+-----+--------+

Top non-repeatable levels by time:
     D:1: 1408 daAuts
     D:2: 1196 daAuts
   Sewer: 413 daAuts
     D:3: 32 daAuts
